 Dungeon Crawl Stone Soup version 0.29.1-1-gd02db6906a (webtiles) character file.

Game seed: 2225240116737525141

201 MisterFreud the Slasher (level 6, -9/44 HPs)
             Began as a Formicid Gladiator on Oct 22, 2022.
             Mangled by an ogre
             ... wielding a +0 giant club
              (14 damage)
             ... on level 4 of the Dungeon.
             The game lasted 00:02:11 (3363 turns).

MisterFreud the Slasher (Formicid Gladiator)        Turns: 3363, Time: 00:02:12

Health: -9/44      AC:  3    Str: 19    XL:     6   Next: 7%
Magic:  6/6        EV: 12    Int:  7    God:
Gold:   110        SH:  0    Dex: 17    Spells: 5/5 levels left

rFire   . . .      SeeInvis +   a - +0 long sword
rCold   . . .      Faith    .   j - orb {light}
rNeg    . . .      Spirit   .   b - +0 leather armour
rPois   .          Reflect  .   (helmet unavailable)
rElec   .          Harm     .   (no cloak)
rCorr   .          Rampage  .   (no gloves)
Will    .....                   (no boots)
Stlth   +.........              (no amulet)
HPRegen 0.14/turn               (no ring)
MPRegen 0.10/turn               (no ring)

@: glowing
A: permanent stasis, dig shafts and tunnels, antennae 3, four strong arms
a: Dig, Shaft Self


You were on level 4 of the Dungeon.
You visited 1 branch of the dungeon, and saw 4 of its levels.

You collected 110 gold pieces.

Inventory:

Hand Weapons
 a - a +0 long sword (weapon)
 e - the +2 mace of Sudden Death {vorpal, rC+ rCorr Int-3 Stlth+}
   (You found it on level 2 of the Dungeon)

   It inflicts extra damage upon your enemies.
   Int:       It affects your intelligence (-3).
   rC:        It protects you from cold.
   rCorr:     It protects you from acid and corrosion.
   Stlth:     It makes you more stealthy.
Missiles
 c - 3 throwing nets (quivered)
 d - a javelin
Armour
 b - a +0 leather armour (worn)
 j - an orb of light (worn)
Wands
 m - a wand of quicksilver (12)
Potions
 f - a potion of haste {unknown}
 g - a potion of heal wounds {unknown}
 i - a potion of flight {unknown}
 k - a potion of berserk rage {unknown}
 n - a potion of ambrosia {unknown}


   Skills:
 - Level 2.1 Fighting
 + Level 6.3 Long Blades
 - Level 2.0 Throwing
 - Level 2.6 Dodging


You had 5 spell levels left.
You didn't know any spells.
Your spell library contained the following spells:

 Spells                   Type           Power      Damage    Failure   Level
 Gell's Gravitas          Tloc           0%         N/A       86%         3
 Inner Flame              Hex/Fire       0%         N/A       86%         3
 Teleport Other           Tloc           0%         N/A       86%         3
 Cause Fear               Hex            0%         N/A       99%         4
 Dispersal                Tloc           0%         N/A       100%        6
 Discord                  Hex            0%         N/A       100%        8


Dungeon Overview and Level Annotations

Branches:
Dungeon (4/15)
 Temple: D:4-7

Altars:
Qazlal


Innate Abilities, Weirdness & Mutations

You cannot be hasted, slowed, berserked, paralysed or teleported.
You can dig through walls and to a lower floor.
You have a pair of large antennae on your head. (SInv)
Your four strong arms can wield two-handed weapons with a shield.


Message History

There is a stone staircase leading up here.
You drop 3 potions of degeneration.
An endoplasm comes into view.
The endoplasm quivers.
An endoplasm is nearby!
An endoplasm is nearby!
You completely miss the endoplasm. The endoplasm closely misses you.
You hit the endoplasm.
The endoplasm is severely wounded.
The endoplasm barely misses you.
An endoplasm is nearby!
You hit the endoplasm.
You kill the endoplasm!
Found a stone staircase leading down.
Key pressed, stopping explore.
No target in view!
You sense a monster nearby.
No target in view!
An ogre comes into view. It is wielding a +0 giant club.
The ogre shouts!
You hit the ogre.
The ogre is lightly wounded.
The ogre closely misses you.
An ogre is nearby!
You hit the ogre.
The ogre is lightly wounded.
An ogre is nearby!
You hit the ogre.
The ogre is moderately wounded.
The ogre hits you with a +0 giant club!
You hit the ogre.
The ogre is heavily wounded.
The ogre hits you with a +0 giant club!!
Ouch! That really hurt!
* * * LOW HITPOINT WARNING * * *
You are too injured to fight recklessly!
You hit the ogre.
The ogre is heavily wounded.
The ogre hits you with a +0 giant club!
You die...

.# ###### .#
#....# .. #.##.#
.# #.##.# .#
#.##.# .#
#.##.#######O#
#.##.......@.#
#.############
#............#
###.......######
#.#.###.........
#...#.#.#.#####.
#.#...#.#.#
#.#.#.#<#..
#.#.#.######


You could see an ogre.

Vanquished Creatures
  A necrophage (D:3)
  Natasha (thrice) (D:3)
  2 adders (D:3)
  A worm (D:3)
  A dart slug (D:1)
  7 ball pythons
  2 endoplasms
  3 giant cockroaches
  4 goblins
  2 hobgoblins (D:2)
  A quokka (D:1)
  2 bats
  3 frilled lizards
  6 kobolds
  14 rats
52 creatures vanquished.

Notes
Turn   | Place    | Note
-------+----------+-------------------------------------------
     0 | D:1      | MisterFreud the Formicid Gladiator began the quest for the
                  | Orb.
     0 | D:1      | Reached XP level 1. HP: 16/16 MP: 1/1
   122 | D:1      | Reached XP level 2. HP: 10/22 MP: 2/2
   842 | D:1      | Reached skill level 4 in Long Blades
   842 | D:1      | Reached XP level 3. HP: 21/27 MP: 3/3
  1025 | D:2      | Identified the +2 mace of Sudden Death {vorpal, rC+ rCorr
                  | Int-3 Stlth+}
  1389 | D:2      | Found a faded altar of an unknown god.
  1880 | D:3      | Noticed Natasha
  1888 | D:3      | HP: 1/27 [Natasha (6)]
  1890 | D:3      | Killed Natasha
  1891 | D:3      | Reached XP level 4. HP: 2/33 MP: 4/4
  1899 | D:3      | Noticed Natasha
  2178 | D:3      | Killed Natasha
  2179 | D:3      | Reached skill level 5 in Long Blades
  2749 | D:3      | Found a stormy altar of Qazlal.
  2757 | D:3      | Noticed a necrophage
  2765 | D:3      | Killed a necrophage
  2766 | D:3      | Reached XP level 5. HP: 19/38 MP: 5/5
  2930 | D:3      | Noticed Natasha
  2941 | D:3      | Killed Natasha
  2942 | D:3      | Reached skill level 6 in Long Blades
  3091 | D:3      | Reached XP level 6. HP: 37/44 MP: 6/6
  3358 | D:4      | Noticed an ogre
  3363 | D:4      | Mangled by an ogre

Illustrated notes

Levels and vault maps discovered:
D:1:      dpeg_arrival_ratfight, layout_basic
D:2:      layout_rooms, ebering_ecumenical_altar_abandoned
D:3:      layout_rooms, mainiacjoe_overflow_cross_hatched, uniq_natasha
D:4:      layout_basic, pdpol_wu_jian_five_deadly_venoms,
          nemelex_dance_club_becter, minmay_checkerbox, uniq_crazy_yiuf_cottage

Skill      XL: |  1  2  3  4  5 |
---------------+----------------+-----
Long Blades    | 4 5 6 |  6.3
Fighting       | |  2.1
Throwing       | |  2.0
Dodging        | |  2.6

Action                   |  1- 3 |  4- 6 || total
-------------------------+-------+-------++-------
Melee: Long sword        |    85 |    63 ||   148
  Use: Scroll            |     3 |     2 ||     5
 Stab: Sleeping          |     1 |       ||     1
Armor: Leather armour    |    22 |     9 ||    31
Dodge: Dodged            |    59 |    35 ||    94
